 Dungeon Crawl Stone Soup version 0.30.1-11-g7821555f0a (webtiles) character file.

Game seed: 1993776419104764308

7066 monsoonserge the Destroyer (level 10, 0/81 HPs)
             Began as a Red Draconian Conjurer on Oct 28, 2023.
             Was an Initiate of Vehumet.
             Slain by a komodo dragon (17 damage)
             ... on level 1 of the Lair of Beasts.
             The game lasted 00:32:58 (10443 turns).

monsoonserge the Destroyer (DrCj)                  Turns: 10443, Time: 00:33:00

Health: 0/81       AC: 11    Str: 11    XL:     10   Next: 83%
Magic:  12/16      EV: 14    Int: 22    God:    Vehumet [......]
Gold:   566        SH:  0    Dex: 11    Spells: 6/17 levels left

rFire   + . .        M - +8 war axe of Joyful Slaughter {heavy, Dex+2}
rCold   . . .        (no shield)
rNeg    . . .        (body armour unavailable)
rPois   .            h - +2 hat
rElec   .            y - +0 cloak
rCorr   .            e - +0 pair of gloves
SInv    .            (no boots)
Will    .....        x - amulet of the acrobat
Stlth   ++           (no ring)
HPRegen 0.33/turn    (no ring)
MPRegen 0.15/turn

%: acrobat
@: frozen, very slow
A: breathe fire, AC +7, unfitting armour, fire resistance 1, cold-blooded
a: Breathe Fire, Renounce Religion


You were on level 1 of the Lair of Beasts.
You worshipped Vehumet.
Vehumet was noncommittal.
You visited 3 branches of the dungeon, and saw 11 of its levels.

You collected 566 gold pieces.

Inventory:

Hand Weapons
 M - the +8 war axe of Joyful Slaughter (weapon) {heavy, Dex+2}
   (You found it on level 7 of the Dungeon)

   Dex:       It affects your dexterity (+2).
Missiles
 v - 22 poisoned darts
 B - a curare-tipped dart
 G - 8 boomerangs (quivered)
 J - 3 javelins
 L - a throwing net
Armour
 e - a +0 pair of gloves (worn)
 h - a +2 hat (worn)
 y - a +0 cloak (worn)
Magical Staves
 k - a staff of fire
Jewellery
 x - an amulet of the acrobat (around neck)
Wands
 b - a wand of mindburst (10)
 u - a wand of charming (8)
 w - a wand of digging (11)
 K - a wand of roots (10)
Scrolls
 d - 4 scrolls of teleportation {unknown}
 g - 3 scrolls of vulnerability
 l - a scroll of identify
 m - 5 scrolls of noise {unknown}
 o - a scroll of enchant weapon
 p - a scroll of brand weapon {unknown}
 t - 2 scrolls of torment
 z - a scroll of poison
 C - 2 scrolls of magic mapping
 D - a scroll of fog
Potions
 a - a potion of magic
 c - 2 potions of haste
 f - 2 potions of flight
 i - a potion of resistance
 j - 2 potions of brilliance
 n - 2 potions of cancellation
 q - 2 potions of lignification
 r - 4 potions of heal wounds
 s - 4 potions of curing
 A - 2 potions of berserk rage
 E - 2 potions of mutation
 I - 2 potions of might {unknown}


   Skills:
 + Level 5.3 Fighting
 - Level 5.3 Short Blades
 * Level 6.6(6.7) Axes
 + Level 1.4(5.0) Maces & Flails
 + Level 3.4(3.6) Staves
 + Level 0.8 Throwing
 + Level 7.5 Dodging
 - Level 2.0 Stealth
 - Level 4.0 Spellcasting
 + Level 8.7 Conjurations
 - Level 2.0 Hexes
 - Level 2.0 Translocations
 + Level 2.7 Evocations


You had 6 spell levels left.
You knew the following spells:

 Your Spells              Type           Power      Damage    Failure   Level
a - Magic Dart            Conj           100%       1d8       1%          1
b - Searing Ray           Conj           86%        2d7       1%          2
c - Fulminant Prism       Conj/Hex       14%        3d9       12%         4
d - Iskenderun's Mystic   Conj/Tloc      28%        2d7       12%         4

Your spell library contained the following spells:

 Spells                   Type           Power      Damage    Failure   Level
 Dazzling Flash           Conj/Hex       56%        N/A       3%          3
 Summon Small Mammal      Summ           16%        N/A       11%         1
 Ensorcelled Hibernation  Hex/Ice        16%        N/A       11%         2
 Portal Projectile        Hex/Tloc       26%        N/A       14%         3
 Passwall                 Tmut/Erth      3%         N/A       17%         2
 Summon Guardian Golem    Hex/Summ       8%         N/A       22%         3
 Vhi's Electric Charge    Tloc/Air       16%        N/A       22%         3
 Volatile Blastmotes      Fire/Tloc      16%        2d11      22%         3
 Call Canine Familiar     Summ           4%         N/A       32%         3
 Frozen Ramparts          Ice            8%         1d2       32%         3
 Swiftness                Air            4%         N/A       32%         3
 Leda's Liquefaction      Hex/Erth       4%         N/A       58%         4
 Ice Form                 Ice/Tmut       4%         N/A       73%         4
 Summon Ice Beast         Ice/Summ       4%         N/A       73%         4
 Dispersal                Tloc           6%         N/A       100%        6
 Disjunction              Tloc           6%         N/A       100%        8


Dungeon Overview and Level Annotations

Branches:
Dungeon (9/15)             Temple (1/1) D:7            Lair (1/5) D:8
    Orc: D:9-12

Altars:
Ashenzari
Cheibriados
Dithmenos
Elyvilon
Fedhas
Hepliaklqana
Kikubaaqudgha
Makhleb
Nemelex Xobeh
Okawaru
Qazlal
Ru
Sif Muna
Trog
Uskayaw
Vehumet
Wu Jian
Xom
Yredelemnul
Zin
The Shining One

Annotations:
D:2 Sigmund
D:9 Joseph


Innate Abilities, Weirdness & Mutations

You can breathe blasts of fire.
Your fiery red scales are hard. (AC +7)
You cannot fit into any form of body armour.
Your flesh is heat resistant. (rF+)
You are cold-blooded and may be slowed by cold attacks.


Message History

Aiming: Breathe Fire (3% risk of failure)
Press: ? - help, Shift-Dir - straight line, f - rime drake
Aim: a rime drake (60% to hit)
You breathe a blast of fire.
The fiery breath hits the rime drake!
The rime drake is moderately wounded.
The rime drake breathes ice at you. The icy flash freeze hits you!
You are encased in ice.
Found a knobbly brass ring.
You slash the rime drake!
The rime drake is severely wounded.
You slice the komodo dragon!! The ice encasing you melts away.
The rime drake bites you. The komodo dragon bites you!!
The rime drake barely misses you.
The komodo dragon bites you but does no damage.
You hit the komodo dragon.
The komodo dragon is heavily wounded.
You hit the rime drake.
You have got your breath back.
The rime drake breathes ice at you. The icy flash freeze hits you!
You are encased in ice.
The komodo dragon bites you!
* * * LOW HITPOINT WARNING * * *
The rime drake bites you.
* * * LOW HITPOINT WARNING * * *
Casting: Searing Ray (safe; 1% risk of failure)
Confirm with . or Enter, or press ? or * to list all spells.
You erupt in a blast of force!
The mystic blast hits the plant.
The plant begins to die.
The plant is lightly damaged.
The mystic blast hits the komodo dragon!
The komodo dragon is severely wounded.
The mystic blast hits the rime drake!
The rime drake is almost dead.
The rime drake is knocked back by the mystic blast.
You hear an angry hiss.
The komodo dragon bites you!
You die...

..#.=.#. .#.
..#....#. ...
.........# #..
#○...$.... #...
#k.......#
#...##........#
.#...P....#....
.......@l...#
.....##.....##.#
... #........# .
#<.......#
#......#.....
♣....##........#
♣P.. #........#
♣#. #........# #
#........#


You could see a komodo dragon and a rime drake (catching breath).

Vanquished Creatures
  Pikel (D:4)
  A manticore (D:8)
  A troll (D:8)
  A slime creature (D:8)
  2 shadows (D:9)
  A wyvern (D:9)
  11 yaks
  A steam dragon (D:8)
  Edmund (D:5)
  2 water moccasins
  A sky beast (D:7)
  An ice beast (D:5)
  2 orc warriors
  5 ogres
  2 lemures (D:4)
  A phantom (D:5)
  4 centaurs
  5 kobold brigands
  A bullfrog (D:8)
  A gnoll sergeant (D:9)
  6 scorpions
  3 howler monkeys
  5 hounds
  4 jellies
  6 orc priests
  A gnoll bouda (D:7)
  Crazy Yiuf (D:6)
  5 iguanas
  Ijyb (D:3)
  7 orc wizards
  Natasha (D:3)
  Robin (D:3)
  12 adders
  8 gnolls
  2 ufetubi
  A worm (D:5)
  3 dart slugs
  28 orcs
  5 endoplasms
  5 giant cockroaches
  20 goblins
  9 hobgoblins
  7 quokkas
  7 ball pythons
  5 bats
  3 frilled lizards
  35 kobolds
  6 rats
242 creatures vanquished.

Notes
Turn   | Place    | Note
-------+----------+-------------------------------------------
     0 | D:1      | monsoonserge the Draconian Conjurer began the quest for the
                  | Orb.
     0 | D:1      | Reached XP level 1. HP: 14/14 MP: 3/3
   270 | D:1      | Reached XP level 2. HP: 20/20 MP: 0/5
   327 | D:1      | Learned a level 2 spell: Searing Ray
  1236 | D:2      | Got the Tractate on the Hyperbolic Storm
  1369 | D:2      | Noticed Sigmund
  1389 | D:2      | Reached XP level 3. HP: 24/26 MP: 2/6
  1478 | D:2      | Identified the +1 robe "Neirgh" {Contam Int+4}
  2102 | D:3      | Reached XP level 4. HP: 31/34 MP: 2/8
  2126 | D:3      | Reached skill level 5 in Conjurations
  2126 | D:3      | Reached XP level 5. HP: 8/39 MP: 0/9
  2288 | D:3      | Noticed Robin
  2289 | D:3      | Noticed Ijyb
  2330 | D:3      | Killed Ijyb
  2331 | D:3      | Reached skill level 1 in Fighting
  2367 | D:3      | Killed Robin
  2368 | D:3      | Reached skill level 1 in Short Blades
  2677 | D:3      | Reached skill level 1 in Maces & Flails
  2815 | D:3      | Noticed Natasha
  2820 | D:3      | Killed Natasha
  3135 | D:4      | Reached XP level 6. HP: 47/47 MP: 7/10
  3440 | D:4      | Reached skill level 1 in Evocations
  3571 | D:4      | Found a burning altar of Makhleb.
  3573 | D:4      | Noticed a green death
  3577 | D:4      | Noticed a neqoxec
  3577 | D:4      | Noticed an orange demon
  3606 | D:4      | Your scales start taking on a fiery red colour.
  3606 | D:4      | Reached XP level 7. HP: 55/55 MP: 7/11
  3606 | D:4      | Gained mutation: Your flesh is heat resistant. (rF+) [Red
                  | Draconian growth]
  3611 | D:4      | Learned a level 4 spell: Fulminant Prism
  3616 | D:4      | Learned a level 4 spell: Iskenderun's Mystic Blast
  3981 | D:4      | Reached skill level 1 in Translocations
  4178 | D:4      | Noticed Pikel
  4202 | D:4      | Killed Pikel
  4203 | D:4      | Reached XP level 8. HP: 41/62 MP: 3/12
  4671 | D:5      | Entered Level 5 of the Dungeon
  4773 | D:5      | Reached skill level 5 in Dodging
  5339 | D:5      | Reached skill level 5 in Short Blades
  5508 | D:5      | Reached skill level 6 in Conjurations
  5562 | D:5      | Reached XP level 9. HP: 28/70 MP: 4/14
  6156 | D:5      | Noticed Edmund
  6178 | D:5      | Killed Edmund
  6179 | D:5      | Reached skill level 1 in Axes
  6383 | D:6      | Found a runed translucent door.
  6384 | D:6      | Noticed Crazy Yiuf
  6391 | D:6      | Killed Crazy Yiuf
  6814 | D:6      | You fall into a shaft and drop 2 floors!
  6928 | D:8      | Reached skill level 7 in Conjurations
  7043 | D:6      | Reached skill level 1 in Staves
  7404 | D:7      | Found a broken altar of Ashenzari.
  7417 | D:7      | Found a staircase to the Ecumenical Temple.
  7428 | Temple   | Entered the Ecumenical Temple
  7975 | D:7      | Identified the +8 war axe of Joyful Slaughter {heavy,
                  | Dex+2}
  8104 | D:7      | Found a snail-covered altar of Cheibriados.
  8237 | D:7      | Reached skill level 8 in Conjurations
  8248 | D:7      | Reached XP level 10. HP: 51/78 MP: 3/16
  8939 | D:8      | Found a staircase to the Lair.
  9099 | D:8      | Noticed a manticore
  9109 | D:8      | Killed a manticore
  9328 | D:8      | Reached skill level 5 in Axes
  9794 | D:9      | Found a shimmering altar of Xom.
  9798 | D:9      | Found a hazy altar of Hepliaklqana.
  9800 | D:9      | Found a bloodstained altar of Trog.
  9800 | D:9      | Found a radiant altar of Vehumet.
  9809 | D:9      | Became a worshipper of Vehumet
  9835 | D:9      | Reached skill level 5 in Fighting
 10022 | D:9      | Found a shimmering blue altar of Sif Muna.
 10022 | D:9      | Found a blossoming altar of Fedhas.
 10352 | D:9      | Noticed Joseph
 10436 | Lair:1   | Entered Level 1 of the Lair of Beasts
 10443 | Lair:1   | Slain by a komodo dragon

Illustrated notes

Levels and vault maps discovered:
D:1:      minmay_arrival_nine_rooms, layout_basic
D:2:      minmay_spotlight, layout_basic, uniq_sigmund
D:3:      cheibrodos_pilgrimage, layout_basic, nicolae_goblin_pals, uniq_natasha
D:4:      layout_loops_cross, makhleb_altar_promises_db,
          minmay_misc_feat_plants, uniq_robin, uniq_pikel
D:5:      kennysheep_big_flooded_room, layout_basic, serial_park_tiny_pond,
          uniq_edmund
D:6:      layout_cave_pools, chequers_avenue, minmay_ogre_servants,
          uniq_crazy_yiuf_cottage
D:7:      layout_loops_cross, lemuel_round_altar, overflow_temple_1_default,
          temple_green
D:8:      hellmonk_ruined_rings, layout_rooms, minmay_small_thing
D:9:      layout_loops_cross, mainiacjoe_overflow_alcove_3,
          mainiacjoe_overflow_alcove_1, gammafunk_temple_overflow_elements,
          uniq_joseph
Temple:   hellmonk_temple_flake
Lair:1:   layout_long_grid, serial_bayou_shore_a, lemuel_fruit_tree,
          infiniplex_staircase_pool_2

Skill      XL: |  1  2  3  4  5  6  7  8  9 10 |
---------------+-------------------------------+-----
Dodging        | 2 3 4 5 6 7 |  7.5
Stealth        | 2 |  2.0
Conjurations   | 5 6 8 |  8.7
Spellcasting   | 3 4 |  4.0
Fighting       | 1 2 3 4 5 |  5.3
Short Blades   | 1 2 3 5 |  5.3
Maces & Flails | 1 |  1.4
Evocations     | 1 2 |  2.7
Translocations | 2 |  2.0
Hexes          | 2 |  2.0
Axes           | 2 6 |  6.6
Staves         | 2 3 |  3.4
Throwing       | |  0.8

Action                     |  1- 3 |  4- 6 |  7- 9 | 10-12 || total
---------------------------+-------+-------+-------+-------++-------
  Melee: Short sword       |    11 |       |       |       ||    11
         Tailslap          |     8 |    13 |    14 |     9 ||    44
         Whip              |    13 |       |       |       ||    13
         Dagger            |     8 |    80 |    71 |       ||   159
         Punch             |       |     3 |     1 |       ||     4
         Quarterstaff      |       |       |    41 |       ||    41
         War axe           |       |       |    22 |    57 ||    79
  Throw: Boomerang         |       |       |       |     1 ||     1
   Cast: Magic Dart        |    14 |       |       |       ||    14
         Searing Ray       |    24 |    19 |    61 |    20 ||   124
         Iskenderun's Myst |       |       |     2 |     1 ||     3
Ability: Breathe Fire      |       |       |     4 |     1 ||     5
    Use: Potion            |       |     1 |       |       ||     1
         Scroll            |       |       |       |    15 ||    15
 Armour: Skin              |    17 |    31 |    50 |    37 ||   135
  Dodge: Dodged            |    33 |    45 |   162 |   134 ||   374
